 Dungeon Crawl Stone Soup version 0.18.1-47-g9310371 (webtiles) character file.

1179 qqqbard the Protected (level 8, -1/69 HPs)
             Began as a Gargoyle Fighter on June 13, 2016.
             Was a Believer of Okawaru.
             Slain by a wyvern zombie (5 damage)
             ... on level 6 of the Dungeon.
             The game lasted 00:15:55 (5748 turns).

qqqbard the Protected (Gargoyle Fighter)            Turns: 5748, Time: 00:15:56

Health: -1/69      AC: 24    Str: 30    XL:     8   Next: 42%
Magic:  8/8        EV:  2    Int:  9    God:    Okawaru [**....]
Gold:   274        SH: 10    Dex: 10    Spells: 0 memorised, 7 levels left

rFire  . . .     SeeInvis .     a - +0 morningstar
rCold  . . .     Gourm    .     (armour currently unavailable)
rNeg   + + +     Faith    .     c - +0 shield
rPois  ∞         Spirit   .     (helmet currently unavailable)
rElec  .         Dismiss  .     (cloak currently unavailable)
rCorr  .         Reflect  .     (gloves currently unavailable)
SustAt .         Harm     .     (boots currently unavailable)
MR     .....     NoTele   +     (no amulet)
Stlth  ++........               I - +4 ring of strength
                                y - ring of stealth

@: mighty, tree-form, not resistant to hostile enchantments, unstealthy
A: negative energy resistance 1, (electricity resistance), (unbreathing),
petrification resistance, rot immunity, AC +5
a: Heroism, Renounce Religion


You were on level 6 of the Dungeon.
You worshipped Okawaru.
Okawaru was pleased with you.
You were not hungry.
You were a tree.
You visited 2 branches of the dungeon, and saw 7 of its levels.
You also visited: Ossuary.

You collected 274 gold pieces.

Inventory:

Hand Weapons
 a - a +0 morningstar (weapon)
 P - a +1 flail
Armour
 b - a +0 scale mail (melded)
 c - a +0 shield (worn)
 h - a +0 pair of boots (melded)
 s - a +0 helmet (melded)
 t - a +0 pair of gloves (melded)
Jewellery
 j - an uncursed ring of ice
 x - an uncursed ring of fire {unknown}
 y - a ring of stealth (left branch)
 I - a +4 ring of strength (right branch)
 N - an uncursed ring of sustain attributes {unknown}
Wands
 E - a wand of polymorph (17/24)
 M - a wand of acid (6/15)
Scrolls
 k - 2 scrolls of enchant weapon {unknown}
 l - 3 scrolls of noise {unknown}
 m - a scroll of fear {unknown}
 p - 2 scrolls of recharging
 r - a scroll of teleportation {unknown}
 A - a scroll of magic mapping {unknown}
 F - 2 scrolls of amnesia {unknown}
 L - 2 scrolls of identify
Potions
 e - 2 potions of lignification
 g - 3 potions of haste
 i - a potion of invisibility {unknown}
 n - a potion of magic {unknown}
 o - a potion of agility {unknown}
 q - 2 potions of flight {unknown}
 u - 2 potions of heal wounds {unknown}
 w - 3 potions of cure mutation {unknown}
 z - 3 potions of mutation
 B - 2 potions of curing {unknown}
 D - a potion of cancellation {unknown}
 G - a potion of degeneration {unknown}
Books
 C - a book of Dreams

   Spells                             Type                      Level
   a - Ensorcelled Hibernation        Hexes/Ice                    2
   b - Silence                        Hexes/Air                    5
   c - Darkness                       Hexes                        6
   d - Shadow Creatures               Summoning                    6
Miscellaneous
 v - a plain deck of wonders
Comestibles
 f - 4 bread rations
 H - 6 fruits
 J - a meat ration
 K - a beef jerky
 O - 2 chunks of flesh


   Skills:
 - Level 3.2 Fighting
 - Level 6.8 Maces & Flails
 + Level 8.6 Armour
 - Level 3.2 Shields


You had 7 spell levels left.
You didn't know any spells.

Dungeon Overview and Level Annotations

Branches:
Dungeon (6/15)             Temple (1/1) D:4

Altars:
Ashenzari
Dithmenos
Fedhas
Kikubaaqudgha
Makhleb
Nemelex Xobeh
Okawaru
Pakellas
Ru
Sif Muna
Trog
Vehumet
Xom
Zin
The Shining One


Innate Abilities, Weirdness & Mutations

You are resistant to torment.
((Your stone body is resilient (AC +5).))
You are immune to poison.
You resist negative energy.
((You are resistant to electric shocks.))
((You can survive without breathing.))
You are immune to petrification.
You are immune to rotting.


Message History

You barely miss the sky beast.
The sky beast is lightly wounded.
The wyvern zombie bites you but does no damage.
You block the sky beast's attack.
You completely miss the sky beast.
The sky beast is lightly wounded.
You block the wyvern zombie's attack. The sky beast barely misses you.
You block the wyvern zombie's attack.
You sock the sky beast!
The sky beast is severely wounded.
You block the wyvern zombie's attack. You block the sky beast's attack.
The wyvern zombie bites you but does no damage.
You closely miss the sky beast.
The sky beast is severely wounded.
The sky beast hits you.
* * * LOW HITPOINT WARNING * * *
The sky beast shocks you.
* * * LOW HITPOINT WARNING * * *
The wyvern zombie bites you.
You die...

##...........#####
#...######...#
#..## ##..# #..#
##..# #..## ...
###.## ###.#
##.######.##
##..#.....##
##.....♣Y.##
#######Z..#
#†....>..
........$
..........
.......####
....$..##
.......##
.........


You could see a sky beast and a wyvern zombie.

Vanquished Creatures
  The ghost of qqqbard the Cruncher, a novice GrGl (D:5)
  A giant frog (D:5)
  A scorpion (D:4)
  A water moccasin zombie (Ossuary)
  5 wights (D:6)
  A howler monkey (D:6)
  A hound (D:5)
  An orc priest (D:4)
  A giant frog skeleton (D:5)
  An orc wizard (D:4)
  Natasha (D:2)
  2 iguanas
  3 worker ants
  2 big kobold zombies (Ossuary)
  2 mummies (Ossuary)
  Robin (D:3)
  7 adders
  An ooze (D:3)
  3 adder zombies (Ossuary)
  A worm (D:2)
  2 dart slugs (D:3)
  7 giant geckos
  6 orcs
  A ball python (D:2)
  4 giant cockroaches
  2 gnoll zombies (Ossuary)
  10 goblins
  11 hobgoblins
  9 jackals
  6 kobolds
  3 quokkas
  A ball python skeleton (D:4)
  5 bats
  3 giant newts
  6 hobgoblin zombies (Ossuary)
  6 kobold zombies (Ossuary)
  8 orc zombies (Ossuary)
  22 rats
149 creatures vanquished.

Vanquished Creatures (others)
  A manticore (D:2)
  A giant gecko (D:4)
2 creatures vanquished.

Grand Total: 151 creatures vanquished

Notes
Turn   | Place    | Note
--------------------------------------------------------------
     0 | D:1      | qqqbard the Gargoyle Fighter began the quest for the Orb.
     0 | D:1      | Reached XP level 1. HP: 14/14 MP: 1/1
     3 | D:1      | Noticed an electric eel
   242 | D:1      | Reached XP level 2. HP: 19/19 MP: 2/2
   679 | D:1      | Noticed an electric eel
   833 | D:2      | Reached XP level 3. HP: 18/23 MP: 3/3
  1000 | D:2      | Found an oddly glowing altar of Pakellas.
  1001 | D:2      | Noticed a manticore
  1014 | D:2      | Killed a manticore
  1296 | D:2      | Reached XP level 4. HP: 25/28 MP: 4/4
  1387 | D:3      | Found a sparkling altar of Nemelex Xobeh.
  1387 | D:3      | Noticed Natasha
  1389 | D:3      | Noticed Robin
  1395 | D:2      | Killed Natasha
  1717 | D:3      | Killed Robin
  1717 | D:3      | Reached skill level 5 in Maces & Flails
  1717 | D:3      | Reached XP level 5. HP: 13/32 MP: 5/5
  1944 | D:3      | Found a glowing silver altar of Zin.
  2192 | D:3      | Found an iron altar of Okawaru.
  2193 | D:3      | Found a bloodstained altar of Trog.
  2311 | D:3      | Found a deep blue altar of Sif Muna.
  2435 | D:3      | Found a sparkling altar of Nemelex Xobeh.
  2470 | D:3      | Became a worshipper of Warmaster Okawaru
  2731 | D:4      | Reached XP level 6. HP: 37/37 MP: 6/6
  2738 | D:4      | Found a radiant altar of Vehumet.
  2995 | D:4      | Found a sand-covered staircase.
  3000 | Ossuary  | Entered an ossuary
  3271 | Ossuary  | Reached * piety under Okawaru
  3297 | Ossuary  | Reached skill level 4 in Armour
  3449 | Ossuary  | Reached XP level 7. HP: 27/41 MP: 7/7
  3659 | D:4      | Paralysed by fainting for 12 turns
  3677 | D:4      | Paralysed by fainting for 10 turns
  3702 | D:4      | Found a staircase to the Ecumenical Temple.
  3711 | Temple   | Entered the Ecumenical Temple
  4581 | D:5      | Entered Level 5 of the Dungeon
  4588 | D:5      | Noticed qqqbard's ghost (novice GrGl)
  4890 | D:5      | Killed qqqbard's ghost
  4890 | D:5      | Reached skill level 6 in Armour
  5309 | D:5      | Reached skill level 7 in Armour
  5513 | D:5      | Reached XP level 8. HP: 46/46 MP: 8/8
  5645 | D:6      | Reached skill level 8 in Armour
  5702 | D:6      | Reached ** piety under Okawaru
  5748 | D:6      | Slain by a wyvern zombie

Skill      XL: |  1  2  3  4  5  6  7  8 |
---------------+-------------------------+-----
Maces & Flails | 3 4 5 6 |  6.8
Armour         | 4 7 8 |  8.6
Fighting       | |  3.2
Shields        | |  3.2

Action                   |  1- 3 |  4- 6 |  7- 9 || total
-------------------------+-------+-------+-------++-------
Melee: Flail             |   134 |   301 |   200 ||   635
       Morningstar       |       |       |    25 ||    25
  Use: Scroll            |     2 |     2 |     1 ||     5
       Potion            |       |     2 |     3 ||     5
  Eat: Chunk             |     1 |     6 |     4 ||    11
       Fruit             |       |       |     2 ||     2
       Bread ration      |       |       |     1 ||     1
Armor: Scale mail        |    85 |   180 |   143 ||   408
       Skin              |       |    12 |     7 ||    19
Dodge: Dodged            |    58 |   106 |    72 ||   236
Block: Shield            |    88 |   160 |   140 ||   388
